 Dungeon Crawl Stone Soup version 0.25-a0-781-gc44aebf4fe (webtiles) character file.

Game seed: 17336300949456066544, levelgen mode: deterministic

78 Bapho the Shooter (level 4, 0/35 HPs)
             Began as a Centaur Arcane Marksman on Apr 15, 2020.
             Slain by a quasit (2 damage)
             ... on level 1 of the Dungeon.
             The game lasted 00:05:30 (2410 turns).

Bapho the Shooter (Centaur Arcane Marksman)         Turns: 2410, Time: 00:05:31

Health: 0/35       AC:  4    Str: 13    XL:     4   Next: 15%
Magic:  5/6        EV:  1    Int: 12    God:
Gold:   97         SH:  0    Dex: -8 (10) Spells: 3/6 levels left

rFire    . . .     SeeInvis .   b - +0 club
rCold    . . .     Gourm    .   (no shield)
rNeg     . . .     Faith    .   g - +0 leather armour
rPois    .         Spirit   .   (no helmet)
rElec    .         Reflect  .   (no cloak)
rCorr    .         Harm     .   (no gloves)
MR       .....                  (no barding)
Stlth    ..........             (no amulet)
HPRegen  0.11/turn              (no ring)
MPRegen  0.10/turn              (no ring)

@: slowed, lost dexterity
A: large, hooves 3, deformed body, speed 2, tough skin 3
a: no special abilities


You were on level 1 of the Dungeon.
You were not hungry.

You visited 1 branch of the dungeon, and saw 2 of its levels.

You collected 97 gold pieces.

Inventory:

Hand Weapons
 a - a +0 shortbow
 b - a +0 club (weapon)
Missiles
 i - 18 arrows
 n - 24 stones (quivered)
Armour
 e - a +0 robe
 g - a +0 leather armour (worn)
Scrolls
 c - 2 scrolls of amnesia {unknown}
 h - a scroll of remove curse {unknown}
 j - a scroll of identify {unknown}
 k - 4 scrolls of enchant armour {unknown}
 o - a scroll of enchant weapon {unknown}
 r - a scroll of teleportation {unknown}


   Skills:
 - Level 1.0 Fighting
 * Level 4.6 Bows
 - Level 1.3 Dodging
 + Level 1.7 Spellcasting
 + Level 3.2 Hexes


You had 3 spell levels left.
You knew the following spells:

 Your Spells              Type           Power        Failure   Level  Hunger
a - Corona                Hex            #......      10%         1    ##.....
b - Slow                  Hex            #.......     14%         2    ###....

Your spell library contained the following spells:

 Spells                   Type           Power        Failure   Level  Hunger
 Inner Flame              Hex/Fire       #.......     50%         3    ####...
 Portal Projectile        Hex/Tloc       #.....       50%         3    ####...
 Cause Fear               Hex            #.........   67%         4    #####..
 Leda's Liquefaction      Hex/Erth       #.........   88%         4    #####..


Dungeon Overview and Level Annotations

Branches:
Dungeon (2/15)

Altars:
Ru


Innate Abilities, Weirdness & Mutations

You have hooves in place of feet.
Armour fits poorly on your strangely shaped body.
You cover ground very quickly.
You have extremely tough skin. (AC +3)


Message History

The quasit bites you but does no damage.
The quasit claws you but does no damage. x2
The quasit bites you but does no damage.
The quasit claws you but does no damage. x2
The quasit bites you.
* * * LOW HITPOINT WARNING * * *
The quasit claws you but does no damage.
The quasit claws you.
* * * LOW HITPOINT WARNING * * *
The quasit bites you but does no damage.
The quasit claws you.
* * * LOW HITPOINT WARNING * * *
You feel clumsy.
The quasit claws you but does no damage.
The quasit bites you.
* * * LOW HITPOINT WARNING * * *
You feel clumsy.
The quasit claws you but does no damage. x2
The quasit bites you.
You die...

.......# #.# #.# .####### #.#
#.# .# #.#### #.# .# #....# #.#
.# ####.# #.# .# #.# #.# .# #.#
#.# .##############.###### #.#
..............K5@....########.#
.##############.####..........#
.#########......# ############
...........###### ############


You could see a quasit and a kobold.

Vanquished Creatures
  An orc wizard (D:2)
  An adder (D:2)
  A worm (D:2)
  A dart slug (D:1)
  3 leopard geckos
  2 ball pythons
  2 bats
  3 giant cockroaches (D:1)
  6 goblins
  4 hobgoblins (D:1)
  3 jackals (D:1)
  3 kobolds
  A frilled lizard (D:1)
  2 rats (D:1)
33 creatures vanquished.

Notes
Turn   | Place    | Note
-------+----------+-------------------------------------------
     0 | D:1      | Bapho the Centaur Arcane Marksman began the quest for the
                  | Orb.
     0 | D:1      | Reached XP level 1. HP: 16/16 MP: 2/2
   129 | D:1      | Reached skill level 3 in Bows
   178 | D:1      | Reached XP level 2. HP: 23/23 MP: 3/3
   495 | D:1      | Reached XP level 3. HP: 10/28 MP: 5/5
  1166 | D:1      | Learned a level 2 spell: Slow
  1375 | D:1      | Reached skill level 4 in Bows
  1850 | D:2      | Reached XP level 4. HP: 31/35 MP: 6/6
  2053 | D:2      | HP: 1/35 [kobold/+0 short sword (5)]
  2058 | D:2      | Found a sacrificial altar of Ru.
  2383 | D:2      | Lost dexterity.
  2410 | D:1      | Slain by a quasit

Levels and vault maps discovered:
D:1:      erik_arrival_triangle_large, layout_loops_ring
D:2:      layout_loops_cross, lemuel_coloured_pillars_altar,
          nicolae_ru_great_annihilating_truth

Skill      XL: |  1  2  3 |
---------------+----------+-----
Bows           | 3 4 |  4.6
Hexes          | 3 |  3.2
Fighting       | |  1.0
Dodging        | |  1.3
Spellcasting   | |  1.7

Action                   |  1- 3 |  4- 6 || total
-------------------------+-------+-------++-------
Melee: Unarmed           |     3 |       ||     3
       Kick              |    11 |       ||    11
       Club              |    78 |    15 ||    93
 Fire: Shortbow          |    82 |    14 ||    96
 Cast: Corona            |     1 |       ||     1
       Slow              |       |     1 ||     1
  Use: Potion            |       |     4 ||     4
  Eat: Chunk             |     2 |       ||     2
       Ration            |       |     1 ||     1
Armor: Robe              |    29 |       ||    29
       Leather armour    |    10 |   115 ||   125
Dodge: Dodged            |    57 |    67 ||   124

Table legend:
 A = Non-vault XP
 B = Vault XP
 C = Vault XP percentage of total XP
 D = Non-vault monster count
 E = Vault monster count
 F = Vault count percentage of total count
                 A         B        C        D         E       F
            +---------+---------+-------+---------+---------+-------
      Total |      77 |      35 |  31.2 |      32 |       1 |   3.0
            +---------+---------+-------+---------+---------+-------
        D:1 |      50 |       0 |   0.0 |      25 |       0 |   0.0
        D:2 |      27 |      35 |  56.5 |       7 |       1 |  12.5
            +---------+---------+-------+---------+---------+-------
